 Dungeon Crawl Stone Soup version 0.28-a0-1582-ge87ddf7 (webtiles) character file.

Game seed: 6821516519892929330

258 Illumine the Chopper (level 5, -6/44 HPs)
             Began as a Palentonga Berserker on Jan 20, 2022.
             Was a Believer of Trog.
             Mangled by an ogre (22 damage)
             ... on level 4 of the Dungeon.
             The game lasted 00:02:47 (3920 turns).

Illumine the Chopper (Palentonga Berserker)         Turns: 3920, Time: 00:02:48

Health: -6/44      AC:  4    Str: 22    XL:     5   Next: 94%
Magic:  5/5        EV: 10    Int:  7    God:    Trog [**....]
Gold:   85         SH:  0    Dex: 22    Spells: 4/4 levels left

rFire   . . .      SeeInvis +   a - +0 hand axe
rCold   . . .      Faith    .   (no shield)
rNeg    . . .      Spirit   .   b - +0 animal skin
rPois   .          Reflect  .   (no helmet)
rElec   .          Harm     .   (no cloak)
rCorr   .          Rampage  .   (no gloves)
Will    .....                   (no barding)
Stlth   ++........              (no amulet)
HPRegen 0.14/turn               e - +6 ring of dexterity
MPRegen 0.09/turn               g - +6 ring of dexterity

@: no status effects
A: large, rugged brown scales 3, see invisible, deformed body, roll 1, armoured
tail
a: Rolling Charge, Renounce Religion, Berserk, Trog's Hand


You were on level 4 of the Dungeon.
You worshipped Trog.
Trog was pleased with you.
You visited 1 branch of the dungeon, and saw 4 of its levels.

You collected 143 gold pieces.
You spent 58 gold pieces at shops.

Inventory:

Hand Weapons
 a - a +0 hand axe (weapon)
 m - the +7 staff of the Meek {protect, meekguard}
   (You found it on level 3 of the Dungeon)

   It grants its wielder temporary protection when it strikes (+7 to AC).
   It provides extra protection to wielders with little health.
Armour
 b - a +0 animal skin (worn)
Jewellery
 e - a +6 ring of dexterity (left hand)
 g - a +6 ring of dexterity (right hand)
Wands
 h - a wand of acid (8)
Scrolls
 f - a scroll of identify
 i - a scroll of enchant weapon {unknown}
 l - a scroll of immolation
Potions
 c - a potion of heal wounds
 d - 5 potions of curing
 j - a potion of lignification
 k - 2 potions of degeneration {unknown}


   Skills:
 + Level 4.1 Fighting
 * Level 5.2 Axes
 + Level 2.8 Armour
 - Level 1.5 Dodging


You had 4 spell levels left.
You didn't know any spells.
Your spell library was empty.

Dungeon Overview and Level Annotations

Branches:
Dungeon (4/15)             Temple (0/1) D:4

Altars:
Beogh

Shops:
D:3 ?!*:


Innate Abilities, Weirdness & Mutations

You are completely covered in rugged brown scales. (AC +3, +7% HP)
You have supernaturally acute eyesight. (SInv)
Armour fits poorly on your strangely shaped body.
You can roll at nearby foes to attack.
You have a long armoured tail.


Message History

An orc is nearby!
You hit the orc.
You kill the orc!
Trog accepts your kill.
Items here: ( )) [ †.
You start resting.
HP restored.
Things that are here:
a +0 flail; a +0 scale mail; an orc skeleton
Items here: )) [ ÷÷.
There is a stone staircase leading down here.
You climb downwards.
Found a stone staircase leading up.
There is a stone staircase leading up here.
Found a staircase to the Ecumenical Temple.
No target in view!
An ogre comes into view. It is wielding a +0 giant club.
An ogre is nearby!
An ogre is nearby!
A hobgoblin comes into view.
There are monsters nearby!
The ogre shouts!
You hit the ogre.
The ogre is moderately wounded.
The ogre hits you with a +0 giant club!
You hit the ogre.
The ogre is moderately wounded.
You hit the ogre.
The ogre is moderately wounded.
The ogre hits you with a +0 giant club!
You hit the ogre.
The ogre is moderately wounded.
A ball python comes into view.
The ogre hits you with a +0 giant club!
The ball python hisses angrily.
You hit the ogre.
The ogre is moderately wounded.
The ogre hits you with a +0 giant club!!
Ouch! That really hurt!
You die...

#........#.....#
.##...#.......#
#..#.#.....#.##
.#....#..#.####
..#....##..#
....>.....#
##....#..#
..#....#.#
#.#@.#..#
#..O##.....#
...S... ...###
...#... ..## ..
###. ... .. ...#
.# ..## #


You could see an ogre and a ball python.

Vanquished Creatures
  An orc priest (D:3)
  2 orc wizards
  3 gnolls (D:3)
  7 adders
  A worm (D:2)
  A dart slug (D:2)
  10 orcs
  2 bats
  5 endoplasms
  3 giant cockroaches
  6 goblins
  4 hobgoblins
  6 jackals
  4 kobolds
  4 quokkas
  8 ball pythons
  2 frilled lizards
  4 rats
73 creatures vanquished.

Notes
Turn   | Place    | Note
-------+----------+-------------------------------------------
     0 | D:1      | Illumine the Palentonga Berserker began the quest for the
                  | Orb.
     0 | D:1      | Reached XP level 1. HP: 19/19 MP: 1/1
   204 | D:1      | Reached XP level 2. HP: 8/25 MP: 2/2
  1128 | D:1      | Reached XP level 3. HP: 31/31 MP: 3/3
  1725 | D:2      | Reached skill level 4 in Axes
  1973 | D:2      | Reached ** piety under Trog
  1974 | D:2      | Reached XP level 4. HP: 29/37 MP: 4/4
  2157 | D:2      | Found a faded altar of an unknown god.
  2302 | D:3      | Found Cuelunuo's Distillery.
  2317 | D:3      | Bought a potion of curing for 30 gold pieces
  2344 | D:3      | Found Nadir's General Store.
  2352 | D:3      | Bought a scroll of identify for 28 gold pieces
  2476 | D:3      | Found Etism's Book Shop.
  2674 | D:3      | Reached XP level 5. HP: 29/44 MP: 5/5
  2921 | D:3      | Found Huuggib's Magic Scroll Shoppe.
  3204 | D:3      | Found the +7 staff of the Meek {protect, meekguard}
  3214 | D:3      | Reached skill level 5 in Axes
  3904 | D:4      | Found a staircase to the Ecumenical Temple.
  3911 | D:4      | Noticed an ogre
  3920 | D:4      | Mangled by an ogre

Illustrated notes

Levels and vault maps discovered:
D:1:      dpeg_arrival_stonehenge_8_columns, layout_rooms,
          hangedman_abyss_or_decor_stabs, amcnicky_mini_rare_corridor_liquid,
          minmay_misc_feat_doors
D:2:      layout_basic, basic_ecumenical_altar
D:3:      layout_loops_ring, serial_shops, shop, shop, shop_fountains,
          nicolae_lakefront_shop, pf_guarded_unrand_meek
D:4:      corexii_shack_village, layout_cave_pools,
          nicolae_hepliaklqana_hippocampus, minmay_temple_entry_mini_moons,
          serial_park_tiny_2, uniq_duvessa

Skill      XL: |  1  2  3  4  5 |
---------------+----------------+-----
Armour         | 2 |  2.8
Axes           | 4 5 |  5.2
Fighting       | 4 |  4.1
Dodging        | |  1.5

Action                   |  1- 3 |  4- 6 || total
-------------------------+-------+-------++-------
Melee: Hand axe          |   113 |    94 ||   207
       Tailslap          |     5 |    16 ||    21
       Punch             |       |     2 ||     2
 Abil: Rolling Charge    |     1 |     1 ||     2
  Use: Scroll            |       |     4 ||     4
 Stab: Sleeping          |     2 |     4 ||     6
Armor: Animal skin       |    51 |    20 ||    71
Dodge: Dodged            |    60 |    47 ||   107

Table legend: (Time is in decaauts)
 A = Elapsed time spent in this place.
 B = Non-inter-level travel time spent in this place.
 C = Inter-level travel time spent in this place.
 D = Time resting spent in this place.
 E = Time spent auto-exploring this place.
 F = Levels seen in this place.
 G = Mean time per level.
                   A        B        C        D        E       F      G
               +--------+--------+--------+--------+--------+-----+--------+
         Total |   3937 |   3850 |     87 |     59 |   3276 |   4 |  984.2 |
       Dungeon |   3937 |   3850 |     87 |     59 |   3276 |   4 |  984.2 |
               +--------+--------+--------+--------+--------+-----+--------+

Top non-repeatable levels by time:
     D:3: 1621 daAuts
     D:1: 1270 daAuts
     D:2: 1010 daAuts
     D:4: 34 daAuts
